 Dungeon Crawl Stone Soup version 0.31.0-4-g52a2dc7128 (webtiles) character file.

Game seed: 5522886890124926867

79817 Esekla the Thaumaturge (level 15, -47/102 HPs)
             Began as an Octopode Warper on Jan 21, 2024.
             Was an Initiate of Gozag.
             Killed from afar by an ice dragon (51 damage)
             ... with a blast of cold
             ... on level 13 of the Dungeon on Jan 22, 2024.
             The game lasted 03:24:32 (32832 turns).

Esekla the Thaumaturge (Octopode Warper)           Turns: 32832, Time: 03:24:32

Health: -47/102    AC: 14    Str: 12    XL:     15   Next: 64%
Magic:  17/30      EV: 25    Int: 28    God:    Gozag
Gold:   1631       SH:  5    Dex: 11    Spells: 8/37 levels left

rFire   . . .        s - +3 dagger (elec)
rCold   . . .        R - +0 buckler
rNeg    . . .        (helmet restricted)
rPois   +            (no amulet)
rElec   .            A - +6 ring of intelligence
rCorr   .            G - +5 ring of evasion
SInv    .            b - +4 ring of protection
Will    .....        d - ring of poison resistance
Stlth   +++++        Q - ring of flight
HPRegen 0.37/turn    e - +5 ring of evasion
MPRegen 0.22/turn    (no ring)
                     (no ring)

%: no passive effects
@: ice-armoured, weak-willed, fugue, flying, studying Necromancy
A: almost no armour, amphibious, 8 rings, camouflage 1, gelatinous body 1,
(nimble swimmer 1), tentacles
a: Renounce Religion, Potion Petition, Call Merchant, Bribe Branch


You were on level 13 of the Dungeon.
You worshipped Gozag.
Gozag was most pleased with you.
You visited 4 branches of the dungeon, and saw 21 of its levels.

You collected 7289 gold pieces.
You spent 2344 gold pieces at shops.
You paid 3314 gold pieces to Gozag.

Inventory:

Hand Weapons
 a - a +3 scimitar of flaming
 r - a +5 spear of pain
 s - a +3 dagger of electrocution (weapon)
 L - a +3 long sword
 V - a +5 long sword
Missiles
 c - 7 darts of dispersal
 o - 37 poisoned darts
 w - 4 boomerangs
 E - 6 silver javelins (quivered)
 H - 7 curare-tipped darts
Armour
 R - a +0 buckler (worn)
Jewellery
 b - a +4 ring of protection (on tentacle)
 d - a ring of poison resistance (on tentacle)
 e - a +5 ring of evasion (on tentacle)
 A - a +6 ring of intelligence (left tentacle)
 G - a +5 ring of evasion (right tentacle)
 Q - a ring of flight (on tentacle)
Wands
 B - a wand of flame (28)
 D - a wand of paralysis (13)
 N - a wand of roots (10)
 S - a wand of quicksilver (4)
Scrolls
 i - 2 scrolls of enchant armour {unknown}
 k - 3 scrolls of revelation {unknown}
 l - 3 scrolls of immolation {unknown}
 m - 10 scrolls of amnesia {unknown}
 p - 3 scrolls of poison {unknown}
 t - 2 scrolls of silence {unknown}
 u - 3 scrolls of butterflies {unknown}
 y - a scroll of vulnerability {unknown}
 z - a scroll of fear {unknown}
 I - 4 scrolls of noise {unknown}
 J - 2 scrolls of enchant weapon {unknown}
 T - a scroll of blinking
 U - 2 scrolls of identify
Potions
 f - 2 potions of resistance
 g - 4 potions of curing
 h - 3 potions of enlightenment
 j - a potion of mutation
 n - a potion of might
 q - 2 potions of berserk rage
 v - a potion of lignification
 x - a potion of invisibility
 C - 3 potions of cancellation
 F - a potion of magic
 K - a potion of attraction
 O - 6 potions of ambrosia
 P - a potion of heal wounds
Miscellaneous
 W - a phantom mirror


   Skills:
 * Level 9.4 Fighting
 + Level 5.5(8.0) Short Blades
 * Level 9.1(9.8) Long Blades
 + Level 5.0 Throwing
 * Level 8.8 Dodging
 + Level 8.3 Stealth
 * Level 6.0 Shields
 * Level 11.7 Spellcasting
 + Level 6.4 Conjurations
 * Level 9.0 Necromancy
 + Level 4.2 Translocations
 + Level 6.8 Fire Magic
 + Level 7.1 Ice Magic
 * Level 4.8 Air Magic
 + Level 4.7 Alchemy
 + Level 0.2 Evocations


You had 8 spell levels left.
You knew the following spells:

 Your Spells              Type           Power      Damage    Failure   Level
a - Ozocubu's Armour      Ice            54%        N/A       1%          3
b - Blink                 Tloc           80%        N/A       1%          2
c - Mephitic Cloud        Conj/Alch/Air  46%        N/A       1%          3
d - Vampiric Draining     Necr           61%        2d10      1%          3
e - Searing Ray           Conj           100%       2d8       1%          2
i - Irradiate             Conj/Alch      23%        3d19      12%         5
u - Dispel Undead         Necr           61%        3d21      1%          4
w - Fugue of the Fallen   Necr           61%        N/A       1%          3
y - Sticky Flame          Fire/Alch      48%        2d9       4%          4

Your spell library contained the following spells:

 Spells                   Type           Power      Damage    Failure   Level
 Magic Dart               Conj           100%       1d8       1%          1
 Necrotise                Necr           100%       1d9       1%          1
 Cigotuvi's Dreadful Rot  Necr/Alch/Air  100%       N/A       1%          2
 Ensorcelled Hibernation  Hex/Ice        72%        N/A       1%          2
 Lesser Beckoning         Tloc           80%        N/A       1%          2
 Static Discharge         Conj/Air       96%        3-7/arc   1%          2
 Sublimation of Blood     Necr           61%        N/A       1%          2
 Hailstorm                Conj/Ice       53%        3d10      1%          3
 Gell's Gravitas          Tloc           40%        N/A       2%          3
 Teleport Other           Tloc           40%        N/A       2%          3
 Summon Ice Beast         Ice/Summ       36%        N/A       3%          3
 Curse of Agony           Necr           61%        N/A       3%          5
 Summon Small Mammal      Summ           64%        N/A       4%          1
 Fulminant Prism          Conj/Alch      23%        3d12      4%          4
 Call Imp                 Summ           32%        N/A       7%          2
 Anguish                  Hex/Necr       20%        N/A       7%          4
 Martyr's Knell           Necr/Summ      41%        N/A       7%          4
 Vhi's Electric Charge    Tloc/Air       82%        N/A       7%          4
 Manifold Assault         Tloc           40%        N/A       8%          4
 Fireball                 Conj/Fire      26%        3d12      8%          5
 Summon Blazeheart Golem  Fire/Summ      35%        N/A       11%         4
 Call Canine Familiar     Summ           16%        N/A       13%         3
 Petrify                  Alch/Erth      29%        N/A       17%         4
 Death Channel            Necr           30%        N/A       17%         6
 Alistair's Intoxication  Alch           28%        N/A       19%         5
 Cause Fear               Hex            8%         N/A       41%         4
 Starburst                Conj/Fire      26%        6d8       41%         6
 Sculpt Simulacrum        Ice/Alch       24%        N/A       52%         6
 Dispersal                Tloc           20%        N/A       77%         6
 Malign Gateway           Summ/Tloc      14%        N/A       100%        7
 Summon Hydra             Summ           8%         N/A       100%        7
 Dragon's Call            Summ           8%         N/A       100%        9


Dungeon Overview and Level Annotations

Branches:
Dungeon (13/15)            Temple (1/1) D:5            Lair (5/5) D:8
 Shoals (0/4) Lair:2       Spider (0/4) Lair:2        Slime (0/5) Lair:4
    Orc (2/2) D:12            Elf (0/3) Orc:2
 Vaults: D:13-14

Altars:
Ashenzari
Cheibriados
Dithmenos
Elyvilon
Fedhas
Gozag
Hepliaklqana
Kikubaaqudgha
Makhleb
Nemelex Xobeh
Okawaru
Qazlal
Ru
Sif Muna
Trog
Uskayaw
Vehumet
Wu Jian
Xom
Yredelemnul
Zin
The Shining One
Jiyva

Shops:
D:7 =   D:8 :::   Orc:2 [(*?

Annotations:
D:5 rC++ for treasure


Innate Abilities, Weirdness & Mutations

You cannot wear most types of armour.
You are amphibious.
You can wear up to eight rings at the same time.
Your skin changes colour to match your surroundings (Stealth+).
Your rubbery body absorbs attacks. (AC +1, EV +1)
((You are camouflaged when in or above water. (Stealth+)))
You have tentacles for arms and can constrict up to eight enemies at once.


Message History

The ettin is lightly wounded.
The ettin burns!
The ettin hits you with a +2 heavy dire flail!
The ettin completely misses you.
Casting: Sticky Flame (dangerous; 4% risk of failure)
Confirm with . or Enter, or press ? or * to list all spells.
Aiming: Mephitic Cloud (safe; 1% risk of failure)
Press: ? - help, Shift-Dir - straight line, f/p - ettin
Aim: an ettin, wielding a +2 heavy dire flail and a +0 dire flail (moderately wounded, covered in liquid flames, chance to affect: 43%)
The ball explodes into a vile cloud!
The stinking cloud engulfs the ettin.
The ettin is moderately wounded.
The stinking cloud engulfs the ice dragon.
The stinking cloud engulfs you.
The ettin burns!
A phantasmal warrior comes into view.
The ettin is engulfed in noxious fumes.
The ettin appears confused.
The ettin misses you. x2
You hit the ettin but do no damage.
You squeeze the ettin, but do no damage.
The ettin is heavily wounded.
The ettin burns!
The ice dragon breathes frost at you. The blast of cold hits you!!!
The ettin is engulfed in noxious fumes.
The ettin appears confused.
The ettin shakes off the sticky flame as it moves.
Casting: Mephitic Cloud (safe; 1% risk of failure)
Confirm with . or Enter, or press ? or * to list all spells.
You call out to the remnants of the fallen!
The ettin hits you with a +2 heavy dire flail!!
* * * LOW HITPOINT WARNING * * *
The ettin barely misses you.
You hit the ettin but do no damage. Your squeeze misses the ettin.
The ettin is severely wounded.
The phantasmal warrior hits you!!
* * * LOW HITPOINT WARNING * * *
Your willpower is stripped away!
The ice dragon breathes frost at you. The blast of cold hits you!!!
Ouch! That really hurt!
You die...
Your body crumbles into a pile of gold.

.....# #.......#
.....# #.......#
.....###.......###
..................
........##...#####
.................#
........#######..#
........# #..#
........# #C@#
........# #WD#
....)...# .§§○#
........# ######
######.... .....
.....


You could see an ice dragon (catching breath), an ettin (confused) and a
phantasmal warrior.

Vanquished Creatures
  3 orc warlords
  Nessos (Lair:4)
  Azrael (Orc:2)
  Snorg (D:11)
  Erolcha (D:13)
  Harold (D:11)
  4 ogre magi (Orc:2)
  A catoblepas (Lair:5)
  6 hydras
  19 two-headed ogres
  3 boulder beetles
  5 death yaks
  A deep troll shaman (Lair:5)
  2 tengu warriors (D:11)
  Sonja (D:11)
  Lodul (D:11)
  3 skysharks
  3 orc knights
  2 manticores
  6 elephants
  2 ugly things
  A kobold blastminer (Orc:1)
  A moth of wrath (shapeshifter) (D:13)
  3 gargoyles
  3 black mambas
  12 cane toads
  3 torpor snails
  2 unseen horrors (D:12)
  2 rime drakes
  9 komodo dragons
  A queen bee (Lair:3)
  3 trolls
  3 polar bears
  9 dream sheep (Lair:5)
  16 blink frogs
  5 slime creatures
  2 shadows
  A wyvern (D:6)
  4 basilisks (Lair:1)
  5 culicivoras (Lair:2)
  A vampire (D:13)
  A wraith (D:12)
  50 yaks
  A fire elemental (Orc:2)
  3 wargs
  Grum (D:9)
  A naga (shapeshifter) (D:13)
  16 water moccasins
  2 acid dragons
  18 orc warriors
  3 hell hounds (Orc:2)
  2 ice beasts (D:6)
  Pargi (D:3)
  A black bear (Lair:5)
  A sky beast (D:8)
  40 ogres
  30 wolves
  4 centaurs
  6 kobold brigands
  12 bullfrogs
  3 gnoll sergeants
  A scorpion (D:5)
  16 wights
  23 killer bees (Lair:3)
  3 vampire bats (Lair:4)
  A howler monkey (D:9)
  An electric eel (D:8)
  A bombardier beetle (D:4)
  2 jellies (Lair:4)
  4 hounds
  14 orc priests
  A gnoll bouda (D:9)
  3 sleepcaps
  28 orc wizards
  3 iguanas (D:6)
  14 gnolls
  8 adders
  2 shadow imps
  5 white imps
  A dart slug (D:3)
  3 ribbon worms
  58 orcs
  5 endoplasms
  4 giant cockroaches
  4 goblins
  4 hobgoblins
  19 kobolds
  2 quokkas
  9 ball pythons
  11 bats
  3 frilled lizards
  4 rats
606 creatures vanquished.

Notes
Turn   | Place    | Note
-------+----------+-------------------------------------------
     0 | D:1      | Esekla the Octopode Warper began the quest for the Orb.
     0 | D:1      | Reached XP level 1. HP: 14/14 MP: 3/3
   141 | D:1      | Got the Elucidation of the Crucible
   198 | D:1      | Reached XP level 2. HP: 19/19 MP: 5/5
   212 | D:1      | Learned a level 2 spell: Blink
   857 | D:2      | Reached skill level 1 in Stealth
   867 | D:2      | Reached XP level 3. HP: 20/24 MP: 6/6
  1048 | D:2      | Learned a level 3 spell: Ozocubu's Armour
  1143 | D:2      | Reached XP level 4. HP: 29/29 MP: 7/7
  1433 | D:3      | Reached skill level 1 in Conjurations
  1634 | D:3      | Noticed Pargi
  2219 | D:3      | Reached XP level 5. HP: 26/35 MP: 8/8
  2368 | D:4      | Reached skill level 1 in Fire Magic
  2368 | D:4      | Reached skill level 1 in Ice Magic
  2654 | D:4      | Found a broken altar of Ashenzari.
  2672 | D:4      | Reached XP level 6. HP: 41/41 MP: 9/9
  2683 | D:4      | Learned a level 3 spell: Fugue of the Fallen
  3332 | D:5      | Entered Level 5 of the Dungeon
  3357 | D:5      | Reached skill level 1 in Necromancy
  3364 | D:5      | Reached skill level 1 in Short Blades
  3408 | D:5      | Found a staircase to the Ecumenical Temple.
  3417 | Temple   | Entered the Ecumenical Temple
  3429 | Temple   | Became a worshipper of Gozag Ym Sagoz the Greedy
  3474 | D:5      | Noticed a water moccasin
  3973 | D:5      | Reached XP level 7. HP: 39/45 MP: 10/10
  4958 | D:5      | Reached XP level 8. HP: 25/52 MP: 8/12
  5317 | D:6      | Reached skill level 5 in Stealth
  5354 | D:5      | Learned a level 4 spell: Sticky Flame
  5420 | D:6      | Found a hazy altar of Hepliaklqana.
  5454 | D:6      | Reached skill level 3 in Spellcasting
  5808 | D:6      | Noticed a wyvern
  6222 | D:6      | Killed a wyvern
  6786 | D:7      | Reached XP level 9. HP: 58/58 MP: 11/14
  7690 | D:6      | Reached skill level 1 in Alchemy
  8205 | D:8      | Noticed a purple ugly thing
  8362 | D:8      | Learned a level 3 spell: Vampiric Draining
  8481 | D:8      | Found a staircase to the Lair.
  9096 | D:8      | Found an ornate altar of the Wu Jian Council.
  9096 | D:8      | Found a glowing silver altar of Zin.
  9272 | Lair:1   | Entered Level 1 of the Lair of Beasts
  9272 | Lair:1   | Noticed a death yak
  9339 | D:8      | Reached skill level 4 in Spellcasting
  9463 | D:9      | Noticed a two-headed ogre
 10810 | D:3      | Killed Pargi
 11480 | D:8      | Reached XP level 10. HP: 46/65 MP: 17/17
 11735 | D:7      | Bought a +4 ring of protection for 612 gold pieces
 11973 | D:9      | Killed a two-headed ogre
 11974 | D:9      | Reached skill level 5 in Spellcasting
 12154 | D:9      | Reached skill level 5 in Fighting
 12222 | D:9      | Found a stormy altar of Qazlal.
 12479 | D:9      | Reached skill level 5 in Ice Magic
 12726 | D:9      | Noticed Grum
 12754 | D:9      | Killed Grum
 12865 | D:9      | Learned a level 4 spell: Dispel Undead
 12897 | D:10     | Entered Level 10 of the Dungeon
 12943 | D:10     | Reached skill level 5 in Long Blades
 12944 | D:10     | Reached skill level 5 in Dodging
 13088 | D:10     | Noticed a manticore
 13104 | D:10     | Killed a manticore
 13105 | D:10     | Reached skill level 5 in Necromancy
 13166 | D:10     | Found an iron altar of Okawaru.
 13214 | D:10     | Noticed a four-headed hydra
 13223 | D:10     | Noticed a gargoyle
 13284 | D:10     | Reached XP level 11. HP: 56/72 MP: 11/19
 13462 | D:10     | Killed a four-headed hydra
 13463 | D:10     | Reached skill level 6 in Spellcasting
 13891 | D:11     | Noticed Lodul
 13940 | D:11     | Noticed a red ugly thing
 13958 | D:11     | Noticed Harold
 14085 | D:8      | Killed a death yak
 14738 | Lair:1   | Reached skill level 7 in Spellcasting
 15187 | Lair:1   | Reached skill level 5 in Fire Magic
 15856 | Lair:2   | Noticed an eight-headed hydra
 15868 | Lair:2   | Reached XP level 12. HP: 73/80 MP: 12/23
 16061 | Lair:2   | Found a hole to the Spider Nest.
 16281 | Lair:2   | Found a staircase to the Shoals.
 16308 | Lair:1   | Reached skill level 8 in Spellcasting
 16966 | Lair:1   | Learned a level 2 spell: Searing Ray
 16972 | Lair:1   | Learned a level 5 spell: Irradiate
 18082 | Lair:3   | Reached skill level 9 in Spellcasting
 19320 | D:10     | Reached XP level 13. HP: 86/86 MP: 23/26
 19637 | D:11     | Killed Lodul
 19832 | D:11     | Noticed Sonja
 20149 | D:11     | Noticed Snorg
 21332 | D:12     | Found a staircase to the Orcish Mines.
 21541 | Orc:1    | Entered Level 1 of the Orcish Mines
 21873 | Orc:1    | Found a transporter.
 21876 | Orc:1    | Found an ornate altar of the Wu Jian Council.
 21877 | Orc:1    | Found a transporter.
 22078 | Orc:1    | Found a transporter.
 22094 | Orc:1    | Found a transporter.
 22095 | Orc:1    | Found an ornate altar of the Wu Jian Council.
 22095 | Orc:1    | Noticed an orc warlord
 22323 | D:8      | Bought Rireuh's Disquisition on Position and Inhalation for
                  | 612 gold pieces
 22327 | D:8      | Learned a level 3 spell: Mephitic Cloud
 22774 | Lair:4   | Reached skill level 1 in Shields
 22866 | Lair:4   | Reached skill level 1 in Air Magic
 22895 | Lair:4   | Reached skill level 5 in Conjurations
 23204 | Lair:4   | Found a staircase to the Slime Pits.
 23210 | Lair:4   | Found a viscous altar of Jiyva.
 23353 | Lair:4   | Noticed Nessos
 23360 | Lair:5   | Entered Level 5 of the Lair of Beasts
 23552 | Lair:5   | Reached skill level 5 in Short Blades
 23753 | Lair:4   | Reached skill level 10 in Spellcasting
 24038 | Lair:4   | Killed Nessos
 24779 | Lair:4   | Reached XP level 14. HP: 90/94 MP: 17/28
 27188 | Lair:5   | Reached skill level 11 in Spellcasting
 27248 | Lair:5   | Got the Spellbook of Interference and Conjuration
 27561 | Orc:2    | Entered Level 2 of the Orcish Mines
 27685 | Orc:2    | Noticed an orc warlord
 28012 | D:8      | Bought a manual of Necromancy for 1120 gold pieces
 28533 | Orc:2    | Noticed an orc warlord
 28553 | Orc:2    | Killed an orc warlord
 28902 | Orc:2    | Found a staircase to the Elven Halls.
 28912 | Orc:2    | Noticed Azrael
 29064 | Orc:1    | Killed an orc warlord
 29885 | Orc:2    | Reached XP level 15. HP: 100/100 MP: 19/30
 29911 | Orc:2    | Reached skill level 5 in Shields
 30210 | Orc:2    | Found Woarekk's Magic Scroll Shoppe.
 30210 | Orc:2    | Found Fown's General Store.
 30211 | Orc:2    | Found Joohoroude's Antique Weapon Shop.
 30211 | Orc:2    | Found Aletwol's Armour Emporium.
 30668 | Orc:2    | Killed Azrael
 31182 | D:11     | Identified the +7 hand axe "Veck" {vamp, rF+ Str+3}
 31184 | D:11     | Found a sacrificial altar of Ru.
 31213 | D:11     | Killed Harold
 31312 | D:11     | Killed Sonja
 31698 | D:11     | Killed Snorg
 32310 | Orc:1    | Killed an orc warlord
 32748 | D:13     | Noticed Erolcha
 32752 | D:13     | Killed Erolcha
 32753 | D:13     | Reached skill level 5 in Throwing
 32832 | D:13     | HP: 4/102 [phantasmal warrior (18)]
 32832 | D:13     | Killed from afar by an ice dragon

Illustrated notes

Levels and vault maps discovered:
D:1:      giann_horns, layout_loops_ring, minmay_liquid_box, eino_curves_01
D:2:      layout_rooms, kennysheep_potato
D:3:      layout_loops_ring, kennysheep_small_spiral, uniq_pargi
D:4:      layout_basic, mainiacjoe_overflow_concentric_impassable,
          kennysheep_pointless_box, dk_noncrumbling_2, kennysheep_nub
D:5:      lemuel_ice_spiral_2, layout_rooms, lemuel_temple_firewalk_a
D:6:      layout_basic, amcnicky_altar_gilded
D:7:      layout_rooms, chequers_serial_rivers_small_b
D:8:      layout_cave_pods, gammafunk_temple_overflow_wave, dpeg_oklobed_lair,
          serial_bayou_lagoon_b
D:9:      layout_irregular_city, nicolae_qazlal_scattered_showers, uniq_grum
D:10:     layout_basic, okawaru_ov_weapons_minmay
D:11:     layout_irregular_city, nrook_uturn, nicolae_ru_path_of_blood,
          uniq_snorg, uniq_harold, uniq_sonja, uniq_lodul
D:12:     layout_irregular_city, kennysheep_orc_monster_closet_entryway
D:13:     layout_irregular_city, david_vaults_4, nicolae_fountain_basement,
          uniq_erolcha
Temple:   nicolae_temple_superstar
Lair:1:   layout_cave_pods, grunt_megastairs_3
Lair:2:   layout_regular_city, shoals_dummy_entry,
          hellmonk_spider_entry_life_and_decay
Lair:3:   layout_loops_ring, special_room [special_room_bee],
          serial_bayou_crossing
Lair:4:   nzn_winding_woodlands_cross [nzn_winding_woodlands_5x15_parted,
          nzn_winding_woodlands_5x15_concentric,
          nzn_winding_woodlands_5x15_sidewinder,
          nzn_winding_woodlands_5x15_zeroes,
          nzn_winding_woodlands_15x15_boxy_spiral], layout_regular_city,
          nicolae_slime_entry_field_trip, roderic_batcave, uniq_nessos
Lair:5:   grunt_lair_end_beastmaster, layout_regular_city
Orc:1:    dreamdust_wu_jian_sword_trials, layout_diamond_mine, basic_altar
Orc:2:    st_orc_ogre_mass, layout_diamond_mine, nicolae_orc_pool_cavern,
          uniq_azrael

Skill      XL: |  1  2  3  4  5  6  7  8  9 10 11 12 13 14 15 |
---------------+----------------------------------------------+-----
Stealth        | 1 2 3 4 5 7 8 |  8.3
Conjurations   | 1 2 3 4 5 6 |  6.4
Fire Magic     | 1 2 3 4 5 6 |  6.8
Ice Magic      | 1 2 3 4 5 6 7 |  7.1
Dodging        | 3 4 5 6 7 8 |  8.8
Necromancy     | 1 2 3 5 6 7 8 9 |  9.0
Short Blades   | 1 2 3 4 5 |  5.5
Long Blades    | 3 4 5 6 7 8 9 |  9.1
Fighting       | 3 4 5 6 7 8 9 |  9.4
Spellcasting   | 3 4 5 7 9 10 11 | 11.7
Throwing       | 2 3 4 5 |  5.0
Alchemy        | 1 2 3 4 |  4.7
Translocations | 4 |  4.2
Shields        | 2 4 6 |  6.0
Air Magic      | 2 3 4 |  4.8
Evocations     | |  0.2

Action                     |  1- 3 |  4- 6 |  7- 9 | 10-12 | 13-15 || total
---------------------------+-------+-------+-------+-------+-------++-------
  Melee: Falchion          |    26 |       |       |       |       ||    26
         Constrict         |    15 |    23 |    48 |    57 |    95 ||   238
         Dagger            |    39 |   106 |   243 |   431 |   788 ||  1607
         Tentacles         |     9 |    15 |    65 |   113 |   234 ||   436
         Punch             |       |     1 |     3 |     8 |    17 ||    29
         Long sword        |       |       |     6 |     2 |       ||     8
         Spear             |       |       |       |       |     3 ||     3
  Throw: Boomerang         |       |     1 |    21 |     4 |    20 ||    46
         Dart              |       |       |    14 |    71 |   122 ||   207
         Javelin           |       |       |       |       |     1 ||     1
   Cast: Blink             |       |     1 |    12 |     9 |     8 ||    30
         Ozocubu's Armour  |       |       |    35 |    40 |    88 ||   163
         Sticky Flame      |       |       |     8 |    43 |    99 ||   150
         Fugue of the Fall |       |       |     4 |    12 |    32 ||    48
         Vampiric Draining |       |       |       |    13 |    34 ||    47
         Irradiate         |       |       |       |       |    14 ||    14
         Mephitic Cloud    |       |       |       |       |    40 ||    40
         Searing Ray       |       |       |       |       |     1 ||     1
         Dispel Undead     |       |       |       |       |     1 ||     1
 Invoke: Call Merchant     |       |       |     1 |       |     3 ||     4
  Evoke: Wand              |       |       |    14 |     5 |     3 ||    22
    Use: Scroll            |       |     1 |    11 |     4 |     7 ||    23
         Potion            |       |       |       |     3 |     4 ||     7
   Stab: Sleeping          |    11 |    14 |     9 |    16 |    19 ||    69
         Distracted        |       |       |       |     2 |     5 ||     7
         Confused          |       |       |       |       |    27 ||    27
 Armour: Skin              |    26 |    37 |   135 |   188 |   345 ||   731
  Dodge: Dodged            |    47 |    54 |   163 |   394 |   633 ||  1291
  Block: Buckler           |       |       |       |       |    92 ||    92
